 Dungeon Crawl Stone Soup version 0.24-a0-525-g9231cdc (webtiles) character file.

Game seed: 10946372020406823507

3130 Fuzzwah the Cleaver (level 9, 0/81 HPs)
             Began as a Minotaur Berserker on Aug 3, 2019.
             Was a High Priest of Trog.
             Slain by a two-headed ogre
             ... wielding a +0 giant club
              (21 damage)
             ... on level 7 of the Dungeon.
             The game lasted 00:19:05 (6186 turns).

Fuzzwah the Cleaver (Minotaur Berserker)            Turns: 6186, Time: 00:19:06

Health: 0/81       AC: 14    Str: 28    XL:     9   Next: 61%
Magic:  8/8        EV: 11    Int:  4    God:    Trog [*****.]
Gold:   155        SH:  3    Dex: 13    Spells: 8/8 levels left

rFire    . . .     SeeInvis .   n - +2 dagger of Akom {pain, Fragile MR+ Str+3} (curse)
rCold    + . .     Gourm    .   k - +0 buckler
rNeg     . . .     Faith    .   p - +0 chain mail
rPois    .         Spirit   .   (helmet restricted)
rElec    .         Reflect  .   m - +1 cloak
rCorr    .         Harm     .   (no gloves)
MR       +....                  (no boots)
Stlth    ..........             f - amulet of regeneration {+regen, !d}
HPRegen  0.63/turn              q - +3 ring of strength
MPRegen  0.11/turn              (no ring)

@: fainting
A: retaliatory headbutt, horns 2, rugged brown scales 1, cold resistance 1
a: Berserk, Trog's Hand, Brothers in Arms, Renounce Religion


You were on level 7 of the Dungeon.
You worshipped Trog.
Trog was extremely pleased with you.
You were fainting.

You visited 1 branch of the dungeon, and saw 7 of its levels.
You also visited: Sewer.

You collected 265 gold pieces.
You spent 110 gold pieces at shops.

Inventory:

Hand Weapons
 a - a +1 hand axe
 d - a +1 trident of venom
   (You found it on level 4 of the Dungeon)
 n - the cursed +2 dagger of Akom (weapon) {pain, Fragile MR+ Str+3}
   (You found it on level 5 of the Dungeon)

   In the hands of one skilled in necromantic magic, it inflicts extra damage on
   living creatures.
   It affects your strength (+3).
   It affects your resistance to hostile enchantments.
   It will be destroyed if unequipped.
   It has a curse placed upon it.
 y - the +0 battleaxe of Saigh {chop, Str+3, unknown}
   (Trog gifted it to you on level 7 of the Dungeon)

   It inflicts extra damage upon your enemies.
   It affects your strength (+3).
Armour
 k - a +0 buckler (worn)
   (You took it off a goblin on level 2 of the Dungeon)
 m - a +1 cloak (worn)
   (You found it on level 3 of the Dungeon)
 p - a +0 chain mail (worn)
   (You took it off an orc on level 4 of the Dungeon)
Jewellery
 f - an amulet of regeneration (around neck) {+regen, !d}
   (You found it on level 1 of the Dungeon)
 q - a +3 ring of strength (left hand)
   (You found it on level 5 of the Dungeon)
Wands
 g - a wand of paralysis (8)
   (You found it on level 6 of the Dungeon)
 l - a wand of clouds (4)
   (You found it on level 4 of the Dungeon)
 o - a wand of acid (8)
   (You found it on level 3 of the Dungeon)
 u - a wand of flame (30)
   (You took it off a big kobold in a sewer)
Scrolls
 e - 7 scrolls of teleportation
 h - 3 scrolls of identify {@r1}
 v - a scroll of enchant weapon
 w - 3 scrolls of blinking {!r}
Potions
 b - 3 potions of flight
 i - a potion of agility
 j - a potion of lignification {!q}
 r - 2 potions of brilliance {unknown}
 s - a potion of might
 t - 3 potions of curing
 z - a potion of cancellation
Comestibles
 c - 7 rations


   Skills:
 + Level 7.5 Fighting
 * Level 10.0 Axes
 * Level 9.7 Armour
 + Level 6.3 Dodging


You had 8 spell levels left.
You didn't know any spells.
Your spell library was empty.

Dungeon Overview and Level Annotations

Branches:
Dungeon (7/15)             Temple (0/1) D:6

Altars:
Dithmenos
Fedhas
Gozag
Hepliaklqana
Okawaru
Qazlal
Wu Jian
Xom
Zin

Shops:
D:6 *


Innate Abilities, Weirdness & Mutations

You reflexively headbutt those who attack you in melee.
You have a pair of horns on your head.
You are partially covered in rugged brown scales. (AC +1, +3% HP)
Your flesh is cold resistant. (rC+)


Message History

The hippogriff bites you but does no damage.
The hippogriff pecks you but does no damage.
The hippogriff claws you but does no damage.
You hit the hippogriff. The hippogriff completely misses you.
You furiously retaliate!
You headbutt the hippogriff.
You kill the hippogriff!
Trog accepts your kill.
You completely miss the big kobold. You headbutt the big kobold!
The big kobold hits you but does no damage.
You hit the big kobold.
The big kobold hits you but does no damage.
Health restored: 81 You hit the big kobold.
You block the big kobold's attack.
You hit the big kobold.
You headbutt the big kobold, but do no damage.
The big kobold closely misses you. You furiously retaliate!
You headbutt the big kobold.
Your chain mail prevents you from hitting the big kobold.
The big kobold hits you but does no damage.
You hit the big kobold but do no damage.
The big kobold hits you with a +0 short sword.
You take 6 damage, and have 75/81 hp.
You hit the big kobold.
You kill the big kobold!
Trog accepts your kill.
You feel your dexterity returning.
You miss the hungry ghost. The hungry ghost hits you.
You are feeling hungry.
You hit the hungry ghost. You headbutt the hungry ghost.
The hungry ghost hits you.
You are feeling very hungry.
You hit the hungry ghost. Your headbutt misses the hungry ghost.
The hungry ghost hits you.
You are near starving!
You take 2 damage, and have 75/81 hp.
You barely miss the hungry ghost. The hungry ghost barely misses you.
You closely miss the hungry ghost. The hungry ghost hits you.
You feel somewhat more hungry.
You closely miss the hungry ghost. You headbutt the hungry ghost!
The hungry ghost completely misses you.
You take 1 damage, and have 75/81 hp.
You hit the hungry ghost. The hungry ghost hits you.
You are starving!
You hit the hungry ghost. The hungry ghost barely misses you.
You block the hungry ghost's attack.
You hit the hungry ghost but do no damage.
Your headbutt misses the hungry ghost. The hungry ghost closely misses you.
You furiously retaliate!
You headbutt the hungry ghost! You closely miss the hungry ghost.
Your headbutt misses the hungry ghost. The hungry ghost hits you.
You feel somewhat more hungry.
You hit the hungry ghost. Your headbutt misses the hungry ghost.
The hungry ghost barely misses you. You furiously retaliate!
You headbutt the hungry ghost, but do no damage.
You hit the hungry ghost but do no damage.
The hungry ghost hits you.
You feel somewhat more hungry.
You hit the hungry ghost.
You are fainting from starvation!
The hungry ghost hits you.
You feel slightly more hungry.
You take 1 damage, and have 78/81 hp.
You miss the hungry ghost. The hungry ghost hits you.
You feel slightly more hungry.
You hit the hungry ghost.
You destroy the hungry ghost!
Trog accepts your kill.
Your Axes skill increases to level 10!
You closely miss the two-headed ogre.
Your headbutt misses the two-headed ogre.
The two-headed ogre closely misses you. You furiously retaliate!
You headbutt the two-headed ogre! You block the two-headed ogre's attack.
You hit the two-headed ogre but do no damage.
You hit the two-headed ogre. The two-headed ogre closely misses you.
The two-headed ogre hits you with a +0 giant spiked club!
You take 13 damage, and have 67/81 hp.
You hit the two-headed ogre but do no damage.
You headbutt the two-headed ogre! The two-headed ogre barely misses you.
The two-headed ogre completely misses you.
Your shield and chain mail prevent you from hitting the two-headed ogre.
You headbutt the two-headed ogre. The two-headed ogre barely misses you.
You furiously retaliate!
You headbutt the two-headed ogre!
The two-headed ogre hits you with a +0 giant spiked club!
You take 6 damage, and have 61/81 hp.
You hit the two-headed ogre. You headbutt the two-headed ogre!
You hit the two-headed ogre but do no damage.
The two-headed ogre hits you with a +0 giant club.
The two-headed ogre barely misses you.
You take 4 damage, and have 58/81 hp.
You hit the two-headed ogre but do no damage.
The two-headed ogre completely misses you.
The two-headed ogre hits you with a +0 giant spiked club!!
You take 18 damage, and have 40/81 hp.
MASSIVE DAMAGE!!
You hit the two-headed ogre but do no damage.
The two-headed ogre hits you with a +0 giant club.
The two-headed ogre hits you with a +0 giant spiked club.
You take 3 damage, and have 37/81 hp.
You hit the two-headed ogre.
The two-headed ogre hits you with a +0 giant club!
* * * LOW HITPOINT WARNING * * *
The two-headed ogre hits you with a +0 giant spiked club!!
You die...

#....# #.....##
#..###())...#.#
#...†).).....#
#.(#####'##### ###
#..#.........##..
#..#.###.###.#..
####..#.# #.# #.#.#
#.....#.###.###.#.#
#.##..'†........@.#
#.##..#.###.###.#O#
).....#.# #.# #.#.#
.#.##.#.# #. #.#.$
##.##.#.. ..##..
...##.#####+ ###
### ##...........
...#####.#####
..............


You could see a two-headed ogre.

Vanquished Creatures
  Grinder (Sewer)
  A hippogriff (D:7)
  Sigmund (D:5)
  A hungry ghost (D:7)
  Menkaure (D:6)
  An orc warrior (D:7)
  An ice beast (D:3)
  2 black bears
  A phantom (Sewer)
  2 ogres (D:5)
  2 centaurs (D:6)
  Blork the orc (D:5)
  3 big kobolds
  A scorpion (D:6)
  A wight (Sewer)
  5 howler monkeys
  A crimson imp (D:2)
  A quasit (D:7)
  A jelly (D:6)
  3 hounds
  An orc priest (D:5)
  An iguana (D:7)
  5 orc wizards
  5 worker ants
  A big kobold zombie (Sewer)
  A hound skeleton (D:4)
  A worker ant zombie (D:7)
  A howler monkey zombie (D:7)
  11 adders
  10 gnolls
  6 shadow imps
  2 ufetubi (Sewer)
  4 oozes
  An adder skeleton (D:4)
  An adder zombie (Sewer)
  A worm (D:2)
  4 dart slugs
  2 leopard geckos
  29 orcs
  A bat zombie (Sewer)
  11 giant cockroaches
  8 goblins
  6 hobgoblins
  7 jackals
  3 quokkas
  A ball python (D:2)
  12 bats
  6 frilled lizards
  3 giant cockroach zombies
  A jackal zombie (D:5)
  28 kobolds
  2 kobold zombies (Sewer)
  A quokka zombie (D:5)
  5 rats
213 creatures vanquished.

Vanquished Creatures (others)
  A bush (D:6)
1 creature vanquished.

Grand Total: 214 creatures vanquished

Notes
Turn   | Place    | Note
-------+----------+-------------------------------------------
     0 | D:1      | Fuzzwah the Minotaur Berserker began the quest for the Orb.
     0 | D:1      | Reached XP level 1. HP: 19/19 MP: 0/0
   178 | D:1      | Reached XP level 2. HP: 27/27 MP: 1/1
   208 | D:1      | Reached skill level 4 in Axes
   311 | D:1      | Reached skill level 3 in Armour
   374 | D:1      | Reached XP level 3. HP: 31/33 MP: 2/2
   548 | D:2      | Reached ** piety under Trog
   564 | D:2      | Reached skill level 4 in Fighting
   564 | D:2      | Reached XP level 4. HP: 35/40 MP: 3/3
   569 | D:2      | Found an opulent altar of Gozag.
   804 | D:2      | Found a glowing silver altar of Zin.
   865 | D:2      | Reached skill level 4 in Armour
   865 | D:2      | Reached skill level 3 in Dodging
   988 | D:2      | Reached skill level 5 in Axes
   988 | D:2      | Reached XP level 5. HP: 47/47 MP: 4/4
  1295 | D:3      | Found an ornate altar of the Wu Jian Council.
  1299 | D:3      | Found an iron altar of Okawaru.
  1322 | D:3      | Noticed an ice beast
  1330 | D:3      | Killed an ice beast
  1340 | D:3      | Reached XP level 6. HP: 51/53 MP: 5/5
  1508 | D:3      | Reached *** piety under Trog
  2073 | D:4      | Gained mutation: You are partially covered in rugged brown
                  | scales. (AC +1, +3% HP) [potion of mutation]
  2073 | D:4      | Gained mutation: Your flesh is cold resistant. (rC+)
                  | [potion of mutation]
  2083 | D:4      | Found a shimmering altar of Xom.
  2109 | D:4      | Reached skill level 5 in Armour
  2262 | D:4      | Reached skill level 5 in Fighting
  2269 | D:4      | HP: 12/57 [gnoll/+0 halberd (8)]
  2271 | D:4      | Reached skill level 6 in Axes
  2633 | D:4      | Found a shadowy altar of Dithmenos.
  2875 | D:5      | Entered Level 5 of the Dungeon
  3003 | D:5      | Reached XP level 7. HP: 62/62 MP: 6/6
  3057 | D:5      | Reached skill level 4 in Dodging
  3067 | D:5      | Reached **** piety under Trog
  3092 | D:5      | Reached skill level 6 in Armour
  3247 | D:5      | Found a hazy altar of Hepliaklqana.
  3368 | D:5      | Reached skill level 7 in Axes
  3384 | D:5      | Found a glowing drain.
  3393 | Sewer    | Entered a sewer
  3517 | Sewer    | Found an ancient bone altar of Kikubaaqudgha.
  3660 | Sewer    | Reached XP level 8. HP: 72/72 MP: 7/7
  3674 | Sewer    | Reached skill level 7 in Armour
  3704 | Sewer    | Reached ***** piety under Trog
  3706 | Sewer    | Reached skill level 6 in Fighting
  3728 | Sewer    | Noticed Grinder
  3748 | Sewer    | Killed Grinder
  3748 | Sewer    | Reached skill level 5 in Dodging
  4165 | D:5      | Found a stormy altar of Qazlal.
  4166 | D:5      | Noticed an air elemental
  4389 | D:5      | Reached skill level 8 in Axes
  4758 | D:5      | Noticed Sigmund
  4769 | D:5      | Killed Sigmund
  4769 | D:5      | Reached skill level 8 in Armour
  4849 | D:5      | Noticed Blork the orc
  4855 | D:5      | Killed Blork the orc
  4983 | D:5      | Got a crude dagger
  5041 | D:6      | Found a blossoming altar of Fedhas.
  5068 | D:6      | Noticed Menkaure
  5078 | D:6      | Killed Menkaure
  5093 | D:6      | Reached XP level 9. HP: 31/80 MP: 8/8
  5363 | D:6      | Found a staircase to the Ecumenical Temple.
  5426 | D:6      | Reached skill level 9 in Axes
  5617 | D:6      | Reached skill level 7 in Fighting
  5697 | D:6      | Found Gekej's Assorted Antiques.
  5705 | D:6      | Bought 2 scrolls of identify for 88 gold pieces
  5705 | D:6      | Bought a scroll labeled SISUSOIWNA for 22 gold pieces
  5834 | D:6      | Identified the cursed +2 dagger of Akom {pain, Fragile MR+
                  | Str+3} (You found it on level 5 of the Dungeon)
  5955 | D:7      | Received a gift from Trog
  5955 | D:7      | Reached skill level 9 in Armour
  5956 | D:7      | Got a warped battleaxe {god gift}
  5996 | D:7      | Reached skill level 6 in Dodging
  6152 | D:7      | Noticed a two-headed ogre
  6176 | D:7      | Reached skill level 10 in Axes
  6186 | D:7      | Slain by a two-headed ogre

Levels and vault maps discovered:
D:1:      minmay_arrival_shattered_statue, layout_rooms
D:2:      layout_loops_cross, old_standard_altar, marbit_many_paths,
          first_ration
D:3:      layout_basic, chequers_temple_overflow_statue_of_worship,
          chequers_serial_rivers_room_a
D:4:      layout_loops_ring, lemuel_round_altar, xom_teletrap_fun,
          hangedman_decor_clover_reticule, st_stairs_14
D:5:      layout_basic, overflow_temple_1_default, portal_sewer_entry_f,
          nicolae_qazlal_style_of_elements, uniq_blork_the_orc, uniq_sigmund
D:6:      layout_loops_ring, fedhas_altar_1, minmay_temple_entry_grid,
          serial_shops, shop, kb_lookout_dungeons_type, uniq_menkaure
D:7:      minmay_the_grid_plus [minmay_the_grid_embedded,
          minmay_the_grid_minigrid_large, minmay_the_grid_rooms,
          minmay_the_grid_holed_spiral, minmay_the_grid_prize_inner_circle],
          layout_rooms, serial_shops, shop, uniq_joseph

Skill      XL: |  1  2  3  4  5  6  7  8  9 |
---------------+----------------------------+-----
Axes           | 4 5 6 7 8 10 | 10.0
Armour         | 3 4 5 6 8 9 |  9.7
Fighting       | 4 5 6 7 |  7.5
Dodging        | 3 4 5 6 |  6.3

Action                   |  1- 3 |  4- 6 |  7- 9 || total
-------------------------+-------+-------+-------++-------
Melee: Hand axe          |    48 |   123 |       ||   171
       Headbutt          |     9 |    23 |    78 ||   110
       Trident           |       |    75 |   287 ||   362
       Dagger            |       |       |   152 ||   152
Invok: Berserk           |       |     1 |     6 ||     7
  Use: Scroll            |     3 |     1 |     5 ||     9
       Potion            |     3 |     4 |     6 ||    13
 Stab: Sleeping          |     1 |       |       ||     1
  Eat: Chunk             |       |     5 |    13 ||    18
       Ration            |       |     1 |     1 ||     2
Armor: Animal skin       |    13 |       |       ||    13
       Scale mail        |       |    46 |       ||    46
       Chain mail        |       |    60 |   223 ||   283
Dodge: Dodged            |    38 |   104 |   212 ||   354
Block: Buckler           |       |    16 |    46 ||    62

Table legend:
 A = Non-vault XP
 B = Vault XP
 C = Vault XP percentage of total XP
 D = Non-vault monster count
 E = Vault monster count
 F = Vault count percentage of total count
                 A         B        C        D         E       F
            +---------+---------+-------+---------+---------+-------
      Total |    2646 |    1826 |  40.8 |     162 |      51 |  23.9
            +---------+---------+-------+---------+---------+-------
        D:1 |      49 |       0 |   0.0 |      28 |       0 |   0.0
        D:2 |     149 |       2 |   1.3 |      22 |       1 |   4.3
        D:3 |     220 |       0 |   0.0 |      25 |       0 |   0.0
        D:4 |     237 |       2 |   0.8 |      20 |       1 |   4.8
        D:5 |     778 |     329 |  29.7 |      31 |       7 |  18.4
        D:6 |     535 |     287 |  34.9 |      11 |       2 |  15.4
        D:7 |     678 |     510 |  42.9 |      25 |       6 |  19.4
      Sewer |       0 |     696 | 100.0 |       0 |      34 | 100.0
            +---------+---------+-------+---------+---------+-------

Levels and vault maps discovered:
D:1:      minmay_arrival_shattered_statue, layout_rooms
D:2:      layout_loops_cross, old_standard_altar, marbit_many_paths,
          first_ration
D:3:      layout_basic, chequers_temple_overflow_statue_of_worship,
          chequers_serial_rivers_room_a
D:4:      layout_loops_ring, lemuel_round_altar, xom_teletrap_fun,
          hangedman_decor_clover_reticule, st_stairs_14
D:5:      layout_basic, overflow_temple_1_default, portal_sewer_entry_f,
          nicolae_qazlal_style_of_elements, uniq_blork_the_orc, uniq_sigmund
D:6:      layout_loops_ring, fedhas_altar_1, minmay_temple_entry_grid,
          serial_shops, shop, kb_lookout_dungeons_type, uniq_menkaure
D:7:      minmay_the_grid_plus [minmay_the_grid_embedded,
          minmay_the_grid_minigrid_large, minmay_the_grid_rooms,
          minmay_the_grid_holed_spiral, minmay_the_grid_prize_inner_circle],
          layout_rooms, serial_shops, shop, uniq_joseph

Table legend:
 A = Turns spent in this place as a percentage of turns spent in the entire game.
 B = Non-inter-level travel turns spent in this place as a percentage of non-inter-level travel turns spent in the entire game.
 C = Inter-level travel turns spent in this place as a percentage of turns spent in this place.
 D = Turns resting spent in this place as a percentage of non-inter-level travel turns spent in this place.
 E = Turns spent auto-exploring this place as a percentage of non-inter-level travel turns spent in this place.
 F = Non-inter-level travel turns spent in this place divided by the number of levels of this place that you've seen.
                   A       B       C       D       E      F
               +-------+-------+-------+-------+-------+----------------------
         Total | 100.0 | 100.0 |   2.4 |  20.6 |  57.0 | 754.8
       Dungeon |  89.9 |  89.7 |   2.7 |  17.3 |  61.4 | 773.4
         Sewer |  10.1 |  10.3 |   0.0 |  49.2 |  18.4 | 624.0
               +-------+-------+-------+-------+-------+----------------------

Table legend:
 A = Kills in this place as a percentage of kills in entire the game.
 B = Kills by you in this place as a percentage of kills by you in the entire game.
 C = Kills by friends in this place as a percentage of kills by friends in the entire game.
 D = Other kills in this place as a percentage of other kills in the entire game.
 E = Experience gained in this place as a percentage of experience gained in the entire game.
 F = Experience gained in this place divided by the number of levels of this place that you have seen.
                   A       B       C       D       E      F
               +-------+-------+-------+-------+-------+----------------------
         Total | 100.0 | 100.0 |   N/A |   N/A | 100.0 | 559.0
       Dungeon |  84.0 |  84.0 |   N/A |   N/A |  84.4 | 539.4
         Sewer |  16.0 |  16.0 |   N/A |   N/A |  15.6 | 696.0
               +-------+-------+-------+-------+-------+----------------------
